cohdb
Replays
Latest Replays
All Replays
Popular Replays
Top Player Replays
Match Explorer
How It Works
Community
CoH3 Stats
Reddit
Sign in to upload your games and track your stats! →
Sign in with Steam
Match 27568050
Unlisted
Match 27568050
Overview
Messages
Build Orders
End
Selects Australian Defense Battlegroup
Construct Section Command Post
Selects Australian Light Infantry Section
Australian Light Infantry Section
Vickers Machine Gun Team
Infantry Section
Construct Field Infirmary
Grenade Package
Australian Light Infantry Section
Selects 2-pounder Anti-tank Gun Team
2-pounder Anti-tank Gun Team
Construct Platoon Command Post
Unlock M3 Stuart Light Tanks
M3 Stuart Light Tank
Infantry Section
Selects Vehicle Over Repair
Construct Company Command Post
AI Takeover
Maomao
Andy
Seeder
Lynthe Ytoo
MMMMMMMMMMMM
MKP
0
0
Comments
sign in to comment!
No comments posted yet!